 Dungeon Crawl Stone Soup version 0.30-a0-715-gdb4ae3ece1 (webtiles) character file.

Game seed: 13154882010021730927

60 mopl the Chopper (level 3, 0/27 HPs)
             Began as a Demonspawn Gladiator on Jan 24, 2023.
             Slain by an adder (1 damage)
             ... on level 3 of the Dungeon.
             The game lasted 00:02:12 (1458 turns).

mopl the Chopper (Demonspawn Gladiator)             Turns: 1458, Time: 00:02:12

Health: 0/27       AC:  7    Str: 15 (16) XL:     3   Next: 82%
Magic:  3/3        EV: 11    Int:  6 (9)  God:
Gold:   105        SH:  4    Dex: 12 (14) Spells: 2/2 levels left

rFire   . . .      SeeInvis .    w - +2 whip (elec)
rCold   + . .      Faith    .    (no shield)
rNeg    . . .      Spirit   .    o - +0 ring mail
rPois   .          Reflect  .    c - +0 helmet
rElec   .          Harm     .    (no cloak)
rCorr   .          Rampage  .    (no gloves)
Will    .....                    t - +0 pair of boots
Stlth   +                        (no amulet)
HPRegen 0.24/turn                g - ring of protection from cold
MPRegen 0.08/turn                k - ring of flight

@: lethally poisoned (0 -> -4), flying
A: powered by death 1, condensation shield
a: no special abilities


You were on level 3 of the Dungeon.
You visited 1 branch of the dungeon, and saw 3 of its levels.

You collected 105 gold pieces.

Inventory:

Hand Weapons
 a - a +0 war axe
 w - a +2 whip of electrocution (weapon)
Missiles
 d - 3 throwing nets (quivered)
 e - a javelin
Armour
 c - a +0 helmet (worn)
 o - a +0 ring mail (worn)
 t - a +0 pair of boots (worn)
Jewellery
 g - a ring of protection from cold (left hand)
 k - a ring of flight (right hand)
Scrolls
 h - 3 scrolls of enchant weapon {unknown}
 j - a scroll of noise {unknown}
 l - a scroll of brand weapon {unknown}
 p - a scroll of torment {unknown}
 q - 2 scrolls of teleportation {unknown}
 r - a scroll of vulnerability {unknown}
 s - a scroll of fear {unknown}
 u - a scroll of silence {unknown}
Potions
 f - a potion of curing {unknown}
 i - a potion of mutation {unknown}
 m - a potion of degeneration
 n - a potion of flight {unknown}
 v - a potion of cancellation {unknown}


   Skills:
 - Level 2.0 Fighting
 + Level 4.3 Axes
 - Level 1.7 Throwing
 - Level 2.6 Dodging


You had 2 spell levels left.
You didn't know any spells.
Your spell library contained the following spells:

 Spells                   Type           Power      Damage    Failure   Level
 Magic Dart               Conj           0%         1d3       69%         1
 Searing Ray              Conj           0%         2d4       83%         2
 Fulminant Prism          Conj/Hex       0%         3d5       100%        4
 Manifold Assault         Tloc           0%         N/A       100%        4
 Dispersal                Tloc           0%         N/A       100%        6
 Disjunction              Tloc           0%         N/A       100%        8


Dungeon Overview and Level Annotations

Branches:
Dungeon (3/15)

Altars:


Innate Abilities, Weirdness & Mutations

You regenerate a little health from kills.
A meltable shield of frost defends you. (SH +4)


Message History

You feel sick. The adder closely misses you.
The adder bites you but does no damage.
You hit the adder.
The adder is severely wounded.
You feel sick. The adder bites you.
You are more poisoned.
The adder poisons you!
You hit the adder.
The adder is almost dead.
You feel sick. The adder bites you.
You are too injured to fight recklessly!
You are too injured to fight recklessly!
You barely miss the adder. Your punch misses the adder.
The adder is almost dead.
You feel sick. The adder bites you but does no damage.
You barely miss the adder. You punch the adder.
The adder is almost dead.
You feel sick. The adder bites you.
* * * LOW HITPOINT WARNING * * *
You are lethally poisoned!
The adder poisons you! You block the adder's attack.
You miss the adder.
The adder is almost dead.
* * * LOW HITPOINT WARNING * * *
You feel very sick. You block the adder's attack.
You barely miss the adder.
The adder is almost dead.
* * * LOW HITPOINT WARNING * * *
You feel sick. You block the adder's attack.
You barely miss the adder.
The adder is almost dead.
* * * LOW HITPOINT WARNING * * *
You feel sick. The adder bites you but does no damage.
It was a potion of degeneration.
There was something very wrong with that liquid.
You feel weakened.
You feel dopey.
You feel clumsy.
* * * LOW HITPOINT WARNING * * *
You feel sick. You block the adder's attack. The adder bites you.
You die...

#.......#
#.......###############
.............<.........
##..................... .#
#......................
...#.......###############
#.........# #..[..######
##...@S....# #####...#.#
#..#†.$## ##
#...##..#########.
#.#.......#.......
...#..?###...######
..###.#..#.......<.. ..
#.##......#####.
#.....###.#


You could see an adder.

Vanquished Creatures
  2 adders
  2 dart slugs (D:2)
  An endoplasm (D:2)
  2 giant cockroaches
  7 hobgoblins
  7 ball pythons
  2 bats (D:1)
  A frilled lizard (D:1)
  2 goblins (D:2)
  7 kobolds
  8 rats
41 creatures vanquished.

Notes
Turn   | Place    | Note
-------+----------+-------------------------------------------
     0 | D:1      | mopl the Demonspawn Gladiator began the quest for the Orb.
     0 | D:1      | Reached XP level 1. HP: 16/16 MP: 1/1
   130 | D:1      | Reached skill level 3 in Axes
   206 | D:1      | Gained mutation: A meltable shield of frost defends you.
                  | (SH +4) [demonic ancestry]
   206 | D:1      | Reached XP level 2. HP: 22/22 MP: 2/2
   833 | D:2      | Gained mutation: You regenerate a little health from kills.
                  | [demonic ancestry]
   833 | D:2      | Reached XP level 3. HP: 27/27 MP: 3/3
   838 | D:2      | Reached skill level 4 in Axes
  1458 | D:3      | HP: 1/27 [poisoned by an adder]
  1458 | D:3      | Slain by an adder

Illustrated notes

Levels and vault maps discovered:
D:1:      eino_arrival_tree_alley, layout_basic
D:2:      layout_loops_ring
D:3:      layout_rooms, lemuel_zombie_altar_kikubaaqudgha

Skill      XL: |  1  2  3 |
---------------+----------+-----
Axes           | 3 4 |  4.3
Fighting       | |  2.0
Throwing       | |  1.7
Dodging        | |  2.6

Action                     || total
---------------------------++-------
  Melee: War axe           ||   109
         Whip              ||    18
         Punch             ||     1
    Use: Potion            ||     1
 Armour: Leather armour    ||    33
         Ring mail         ||     5
  Dodge: Dodged            ||    65
  Block: Other             ||    22

Table legend: (Time is in decaauts)
 A = Elapsed time spent in this place.
 B = Non-inter-level travel time spent in this place.
 C = Inter-level travel time spent in this place.
 D = Time resting spent in this place.
 E = Time spent auto-exploring this place.
 F = Levels seen in this place.
 G = Mean time per level.
                   A        B        C        D        E       F      G
               +--------+--------+--------+--------+--------+-----+--------+
         Total |   1490 |   1425 |     65 |      0 |   1080 |   3 |  496.7 |
       Dungeon |   1490 |   1425 |     65 |      0 |   1080 |   3 |  496.7 |
               +--------+--------+--------+--------+--------+-----+--------+

Top non-repeatable levels by time:
     D:1: 694 daAuts
     D:2: 694 daAuts
     D:3: 100 daAuts
